[Event "ICC tourney 2067 (45 10)"]
[Site "Internet Chess Club"]
[Date "2020.10.17"]
[Round "1"]
[White "SerenaE"]
[Black "mnm2"]
[Result "0-1"]
[ICCResult "White checkmated"]
[WhiteElo "1517"]
[BlackElo "1302"]
[Opening "Sicilian: Prins (Moscow) variation"]
[ECO "B55"]
[NIC "SI.01"]
[Time "11:06:58"]
[TimeControl "2700+10"]

1. e4 c5 2. Nf3 d6 3. d4 cxd4 4. Nxd4 Nf6 5. f3 e5 6. Nb5 Nc6 7. c4 a6 8.
N5c3 Be6 9. Be3 Be7 10. Be2 O-O 11. O-O Qd7 12. Na3 Rac8 13. Qd2 Na5 14. Nd5
Bxd5 15. cxd5 Qa4 16. Bd1 Nxe4 17. fxe4 Qxe4 18. Bc2 Rxc2 19. Nxc2 Nc4 20.
Qc3 Rc8 21. b3 Nb6 22. Qe1 Rxc2 23. Rf2 Rxf2 24. Bxf2 Qxe1+ 25. Rxe1 Nxd5
26. Rc1 f6 27. Rc8+ Kf7 28. Rb8 b5 29. Ra8 Nb4 30. a3 Nc2 31. Rxa6 d5 32.
Ra7 Ke6 33. b4 d4 34. Kf1 d3 35. Ra5 e4 36. Rxb5 e3 37. Bxe3 Nxe3+ 38. Kf2
Nd5 39. Ke1 Bd6 40. g3 Ke5 41. Kd2 Kd4 42. Ra5 f5 43. Ra6 Bc7 44. b5 Nb6 45.
a4 Nc4+ 46. Kc1 Kc3 47. a5 d2+ 48. Kd1 Nb2+ 49. Ke2 d1=Q+ 50. Kf2 Nd3+ 51.
Ke3 Qd2+ 52. Kf3 Qf2# {White checkmated} 0-1

[Event "ICC tourney 2067 (45 10)"]
[Site "Internet Chess Club"]
[Date "2020.10.17"]
[Round "2"]
[White "Luc2008"]
[Black "sillytiger"]
[Result "1-0"]
[ICCResult "Black resigns"]
[WhiteElo "1692"]
[BlackElo "1346"]
[Opening "Sicilian: O'Kelly variation"]
[ECO "B28"]
[NIC "SI.43"]
[Time "13:33:39"]
[TimeControl "2700+10"]

1. e4 c5 2. Nf3 a6 3. d4 cxd4 4. Nxd4 Nf6 5. Nc3 e5 6. Nf5 d5 7. Bg5 d4 8.
Bc4 Bxf5 9. exf5 dxc3 10. Bxf7+ Ke7 11. Qh5 Qd2+ 12. Kf1 cxb2 13. Rd1 Qxc2
14. Bxf6+ gxf6 15. Bb3 Qxd1+ 16. Qxd1 Bh6 17. Qc2 Bc1 18. Qc5+ Kd8 19. Qd6+
Nd7 20. Be6 Kc8 21. Bxd7+ Kd8 22. Be6+ {Black resigns} 1-0

[Event "ICC tourney 2067 (45 10)"]
[Site "Internet Chess Club"]
[Date "2020.10.17"]
[Round "2"]
[White "ChessStar22"]
[Black "soggydollar"]
[Result "0-1"]
[ICCResult "White resigns"]
[WhiteElo "1413"]
[BlackElo "1794"]
[Opening "QGD: 3...Nf6"]
[ECO "D35"]
[NIC "QO.16"]
[Time "13:33:28"]
[TimeControl "2700+10"]

1. d4 d5 2. c4 e6 3. Nc3 Nf6 4. e3 Be7 5. cxd5 exd5 6. Nf3 Bf5 7. Bd3 Bg6 8.
h3 O-O 9. Bxg6 hxg6 10. O-O Nbd7 11. a3 a5 12. Bd2 c6 13. Qc2 Qc7 14. Rfe1
Rfe8 15. Rac1 Nb6 16. Ra1 Nc4 17. b3 Nxa3 18. Qc1 b5 19. Nb1 Nxb1 20. Rxb1
Bd6 21. Qc2 b4 22. Rbc1 Rec8 23. Ng5 Qb6 24. Kh1 Nd7 25. Re2 c5 26. dxc5
Nxc5 27. Qb1 Qb5 28. Rce1 Nd3 29. Rf1 a4 30. bxa4 Rxa4 31. e4 Be5 32. Qb3
Rc5 33. f4 Ra3 34. Qb1 Ra1 35. Qxa1 Bxa1 36. Rxa1 Rc8 {White resigns} 0-1

[Event "ICC tourney 2067 (45 10)"]
[Site "Internet Chess Club"]
[Date "2020.10.17"]
[Round "2"]
[White "vrashank"]
[Black "importantheart"]
[Result "1-0"]
[ICCResult "Black resigns"]
[WhiteElo "1987"]
[BlackElo "1733"]
[Opening "Queen's pawn, Mason variation"]
[ECO "D00"]
[NIC "QP.08"]
[Time "13:33:26"]
[TimeControl "2700+10"]

1. d4 d5 2. Bf4 Nf6 3. e3 e6 4. Nf3 c5 5. c3 Nc6 6. Nbd2 a6 7. Bd3 Be7 8.
Ne5 Nxe5 9. dxe5 Nd7 10. O-O O-O 11. Re1 f6 12. exf6 Bxf6 13. Bg3 Ne5 14.
Bxe5 Bxe5 15. Qh5 Rf5 16. Bxf5 exf5 17. Rad1 g6 18. Qe2 Be6 19. Nf3 Bg7 20.
c4 Qd7 21. Ng5 Rd8 22. Nxe6 Qxe6 23. cxd5 Rxd5 24. Qc4 Rd6 25. Qxe6+ Rxe6
26. Rd8+ Kf7 27. Rd7+ Re7 28. Rxe7+ Kxe7 29. b3 Kd6 30. Kf1 b5 31. Ke2 c4
32. bxc4 bxc4 33. Kd2 Kc5 34. Rb1 Kc6 35. Rb8 a5 36. a4 Be5 37. Rb5 Bd6 38.
Kc3 Bxh2 39. Kxc4 Bg1 40. Rb2 Bh2 41. g3 h5 42. Rb1 h4 43. gxh4 Bd6 44. Rg1
{Black resigns}
1-0

[Event "ICC tourney 2067 (45 10)"]
[Site "Internet Chess Club"]
[Date "2020.10.17"]
[Round "2"]
[White "clair"]
[Black "SparkyNinja"]
[Result "0-1"]
[ICCResult "White checkmated"]
[WhiteElo "1676"]
[BlackElo "1565"]
[Opening "Queen's pawn: London system"]
[ECO "A45"]
[NIC "QP.07"]
[Time "13:33:27"]
[TimeControl "2700+10"]

1. d4 Nf6 2. Bf4 e6 3. e3 Be7 4. Nd2 d5 5. Bd3 O-O 6. h3 b6 7. Ngf3 Bb7 8.
O-O Nbd7 9. Ne5 c5 10. c3 Nxe5 11. dxe5 Ne4 12. Qh5 g6 13. Qd1 Nxd2 14. Qxd2
Bg5 15. Rad1 Bxf4 16. exf4 Qc7 17. g3 Rad8 18. Rc1 Qd7 19. Qe2 d4 20. Be4 d3
21. Qe3 d2 22. Rcd1 Ba6 23. h4 Bxf1 24. Kxf1 Qb5+ 25. Kg2 Qxb2 26. Bb1 b5
27. a3 a5 28. Kf3 b4 29. cxb4 c4 30. bxa5 c3 31. a6 c2 32. Bxc2 Qxc2 33. Ke2
Qc4+ 34. Kf3 Rd3 35. Rxd2 Rxe3+ 36. fxe3 Qxa6 37. Rd4 Qxa3 38. g4 Qa8+ 39.
Kg3 Rd8 40. h5 Rxd4 41. exd4 Qe4 42. hxg6 hxg6 43. d5 Qxd5 44. f5 gxf5 45.
gxf5 Qxe5+ 46. Kg4 Qxf5+ 47. Kg3 Kg7 48. Kh4 Qg6 49. Kh3 Kf6 50. Kh4 Kf5 51.
Kh3 Kf4 52. Kh2 Kf3 53. Kh3 Qh7# {White checkmated} 0-1

[Event "ICC tourney 2067 (45 10)"]
[Site "Internet Chess Club"]
[Date "2020.10.17"]
[Round "2"]
[White "Eeshaan16"]
[Black "SanthoshA"]
[Result "1-0"]
[ICCResult "Black checkmated"]
[WhiteElo "1924"]
[BlackElo "1537"]
[Opening "Ruy Lopez: Anderssen variation"]
[ECO "C77"]
[NIC "RL.12"]
[Time "13:33:26"]
[TimeControl "2700+10"]

1. e4 e5 2. Nf3 Nc6 3. Bb5 a6 4. Ba4 Nf6 5. d3 b5 6. Bb3 d6 7. c3 Na5 8. Bc2
c5 9. O-O Be7 10. Re1 Bg4 11. Nbd2 O-O 12. Nf1 h6 13. h3 Bh5 14. Ng3 Bxf3
15. Qxf3 Nh7 16. Nf5 Kh8 17. a4 Qd7 18. Qg3 Bf6 19. Qg4 Qe6 20. Be3 c4 21.
d4 exd4 22. cxd4 Nb7 23. e5 dxe5 24. dxe5 g6 25. exf6 h5 26. Bh6 Qxf6 27.
Qf3 Qb6 28. Bxf8 Nxf8 29. Nh6 f5 30. Re7 Rb8 31. Qd5 Nh7 32. Qe5+ Qf6 33.
Qxb8+ Qf8 34. Rxh7+ Kxh7 35. Qxf8 Na5 36. g4 hxg4 37. hxg4 fxg4 38. Nxg4 Nb3
39. Qf7+ Kh8 40. Bxg6 Nxa1 41. Qh7# {Black checkmated} 1-0

[Event "ICC tourney 2067 (45 10)"]
[Site "Internet Chess Club"]
[Date "2020.10.17"]
[Round "2"]
[White "DanielA1926"]
[Black "che2468"]
[Result "1-0"]
[ICCResult "Black checkmated"]
[WhiteElo "1534"]
[BlackElo "1378"]
[Opening "QGD Slav: 4.e3 Bf5"]
[ECO "D12"]
[NIC "SL.01"]
[Time "13:33:32"]
[TimeControl "2700+10"]

1. d4 d5 2. c4 c6 3. e3 Nf6 4. Nf3 Bf5 5. Nc3 e6 6. Be2 Bd6 7. O-O O-O 8. b3
Na6 9. c5 Bc7 10. Bxa6 bxa6 11. b4 Rb8 12. a3 a5 13. Qa4 Ne4 14. Nxe4 Bxe4
15. Nd2 Bxg2 16. Kxg2 Qg5+ 17. Kh1 Qh5 18. f4 f5 19. Nf3 Rf6 20. Qd1 Rh6 21.
Qe2 Rf8 22. Rf2 Rff6 23. Ng5 Qe8 24. Bd2 Rfg6 25. Rg1 Bd8 26. Rfg2 Rh4 27.
Be1 Rhh6 28. h4 axb4 29. axb4 a5 30. bxa5 Qd7 31. Rh2 Qa7 32. Qb2 Rh5 33. a6
Rgh6 34. Qb7 Qxb7 35. axb7 Bc7 36. Ba5 Bb8 37. Rb1 Rxh4 38. Rxh4 Rxh4+ 39.
Kg2 Rg4+ 40. Kf3 h5 41. Rb6 h4 42. Rxc6 Rg1 43. Rc8# {Black checkmated} 1-0

[Event "ICC tourney 2067 (45 10)"]
[Site "Internet Chess Club"]
[Date "2020.10.17"]
[Round "2"]
[White "runtilmorrow1"]
[Black "danaglin"]
[Result "1-0"]
[ICCResult "Black resigns"]
[WhiteElo "1988"]
[BlackElo "1636"]
[Opening "French: Tarrasch, closed variation"]
[ECO "C05"]
[NIC "FR.16"]
[Time "13:33:37"]
[TimeControl "2700+10"]

1. e4 e6 2. d4 d5 3. Nd2 Nf6 4. e5 Nfd7 5. Ngf3 c5 6. c3 Nc6 7. Bd3 Be7 8.
O-O O-O 9. Re1 Qb6 10. Nf1 cxd4 11. cxd4 f6 12. Ng3 fxe5 13. dxe5 Bc5 14.
Be3 Bxe3 15. Rxe3 Qxb2 16. Bxh7+ Kxh7 17. Rb3 Qxb3 18. axb3 Ndxe5 19. Nxe5
Nxe5 20. Qh5+ Kg8 21. Qxe5 Bd7 22. Nh5 Rf7 23. g4 Rc8 24. g5 b6 25. g6 Re7
{Black resigns}
1-0

[Event "ICC tourney 2067 (45 10)"]
[Site "Internet Chess Club"]
[Date "2020.10.17"]
[Round "2"]
[White "kavyameiyappan"]
[Black "JGroder"]
[Result "0-1"]
[ICCResult "White resigns"]
[WhiteElo "1628"]
[BlackElo "1790"]
[Opening "Sicilian"]
[ECO "B50"]
[NIC "SI.01"]
[Time "13:33:23"]
[TimeControl "2700+10"]

1. e4 c5 2. Nf3 d6 3. c3 Nf6 4. Be2 e6 5. O-O Nc6 6. d3 d5 7. e5 Nd7 8. d4
f6 9. exf6 Nxf6 10. Bg5 cxd4 11. Nxd4 Bc5 12. Nd2 O-O 13. N2b3 Bb6 14. Bg4
Qe8 15. Bxf6 Rxf6 16. Qe2 e5 17. Bxc8 Rxc8 18. Nxc6 Rcxc6 19. Rad1 Rcd6 20.
Kh1 e4 21. Nd4 Qg6 22. f3 Bxd4 23. cxd4 exf3 24. Rxf3 Rfe6 25. Qf2 h6 26. h3
Rf6 27. Rxf6 Rxf6 28. Qf3 Rxf3 {White resigns} 0-1

[Event "ICC tourney 2067 (45 10)"]
[Site "Internet Chess Club"]
[Date "2020.10.17"]
[Round "2"]
[White "adwaysane"]
[Black "che8642"]
[Result "1-0"]
[ICCResult "Black checkmated"]
[WhiteElo "1745"]
[BlackElo "1523"]
[Opening "Queen's bishop game"]
[ECO "D00"]
[NIC "QP.08"]
[Time "13:33:28"]
[TimeControl "2700+10"]

1. d4 d5 2. Bf4 Nf6 3. Nf3 c6 4. e3 Bf5 5. Bd3 Bg6 6. Bxg6 hxg6 7. c3 e6 8.
Qb3 Qb6 9. Nbd2 Nbd7 10. h3 Be7 11. Ne5 Nxe5 12. Bxe5 g5 13. Qxb6 axb6 14.
Ke2 Kd7 15. a3 g4 16. Bxf6 Bxf6 17. hxg4 c5 18. f4 g6 19. Nf3 Ke7 20. Ne5
Rag8 21. g5 Bg7 22. Kf3 Bxe5 23. dxe5 Rd8 24. Rh6 Rxh6 25. gxh6 Kf8 26. Kg4
Kg8 27. Kg5 Rd7 28. a4 Kh7 29. a5 bxa5 30. Rxa5 c4 31. Ra8 b5 32. Rf8 Rb7
33. Kf6 Kxh6 34. Rh8# {Black checkmated} 1-0

[Event "ICC tourney 2067 (45 10)"]
[Site "Internet Chess Club"]
[Date "2020.10.17"]
[Round "2"]
[White "Almanac2050"]
[Black "amandapati"]
[Result "0-1"]
[ICCResult "White resigns"]
[WhiteElo "1598"]
[BlackElo "1929"]
[Opening "Sicilian: Cortlever (Alatortsev) variation"]
[ECO "B53"]
[NIC "SI.01"]
[Time "13:33:26"]
[TimeControl "2700+10"]

1. e4 c5 2. Nf3 d6 3. d4 Nf6 4. e5 dxe5 5. dxe5 Qxd1+ 6. Kxd1 Nd5 7. c4 Nb4
8. a3 N4c6 9. Nc3 Be6 10. Nb5 Na6 11. Kc2 h6 12. Be3 g6 13. Bd3 g5 14. h3
O-O-O 15. b3 Ncb4+ 16. axb4 Nxb4+ 17. Kb1 Rxd3 18. Nxa7+ Kb8 19. Kb2 Rd8 20.
Nb5 Nd3+ 21. Kc3 Bg7 22. Rhd1 Nxe5 23. Nfd4 Nc6 24. Ra2 cxd4+ 25. Bxd4 Nxd4
26. Nxd4 Rd6 27. Rad2 Rhd8 28. f3 b5 29. cxb5 f5 30. g3 Rd5 31. Rd3 Rxb5 32.
Kc2 Rxd4 33. Rxd4 Bxb3+ 34. Kc1 Rc5+ 35. Kb1 Bc2+ {White resigns} 0-1

[Event "ICC tourney 2067 (45 10)"]
[Site "Internet Chess Club"]
[Date "2020.10.17"]
[Round "2"]
[White "tcrgm"]
[Black "Threehundreds"]
[Result "1-0"]
[ICCResult "Black resigns"]
[WhiteElo "1614"]
[BlackElo "1436"]
[Opening "Giuoco Piano"]
[ECO "C54"]
[NIC "IG.02"]
[Time "13:33:26"]
[TimeControl "2700+10"]

1. e4 e5 2. Nf3 Nc6 3. Bc4 Bc5 4. c3 Nf6 5. d4 exd4 6. cxd4 Bb4+ 7. Bd2 Nxe4
8. Bxb4 Nxb4 9. Bxf7+ Kxf7 10. Qb3+ d5 11. Qxb4 Rf8 12. O-O Kg8 13. Qb3 Ng5
14. Nbd2 b6 15. Qe3 Nxf3+ 16. Nxf3 Ba6 17. Rfe1 Re8 18. Ne5 Re7 19. Qf3 Qf8
20. Qxd5+ Kh8 21. Ng6+ hxg6 22. Rxe7 Qxe7 23. Qxa8+ Kh7 24. Qf3 Qb4 25. Qh3+
Kg8 26. Qe6+ Kh7 27. Qh3+ Kg8 28. Qc3 Qxc3 29. bxc3 c6 30. Re1 Kf7 31. f4
Bc4 32. a3 Bd5 33. Kf2 b5 34. g4 a5 35. Kg3 a4 36. Re5 Be6 37. Rc5 Bd5 38.
h4 Ke6 39. Kf2 Kd6 40. f5 gxf5 41. gxf5 Ke7 42. Ke3 Kf6 43. Kf4 g6 44. fxg6
Kxg6 45. Rxd5 cxd5 46. Ke5 {Black resigns} 1-0

[Event "ICC tourney 2067 (45 10)"]
[Site "Internet Chess Club"]
[Date "2020.10.17"]
[Round "2"]
[White "incredibleking"]
[Black "Deveshc"]
[Result "0-1"]
[ICCResult "White checkmated"]
[WhiteElo "1621"]
[BlackElo "1527"]
[Opening "Réti: King's Indian attack (Barcza system)"]
[ECO "A07"]
[NIC "QP.09"]
[Time "13:33:36"]
[TimeControl "2700+10"]

1. Nf3 d5 2. g3 Nf6 3. Bg2 c6 4. O-O g6 5. d3 Bg7 6. Nbd2 Bf5 7. b3 Qd7 8.
Bb2 O-O 9. c4 dxc4 10. bxc4 Na6 11. Qc2 Rfd8 12. Rac1 Bh3 13. d4 Bxg2 14.
Kxg2 e6 15. e4 Rac8 16. Rfd1 Bh6 17. Ne5 Qe7 18. f4 Nd7 19. Ndf3 Nf6 20. Qe2
Bg7 21. Ng5 Rf8 22. d5 cxd5 23. exd5 exd5 24. cxd5 Rxc1 25. Bxc1 h6 26. Ne4
Nxe4 27. Qxe4 f6 28. d6 Qe6 29. Qc4 Qxc4 30. Nxc4 Rd8 31. Kf3 f5 32. Ne5 g5
33. Ng6 Kf7 34. Ne5+ Ke6 35. Nc4 g4+ 36. Ke3 Nc5 37. Ba3 Ne4 38. Nd2 Nxd2
39. Rxd2 Bf8 40. Bc5 b6 41. Bb4 Bxd6 42. Bxd6 Rxd6 43. Rxd6+ Kxd6 44. Kd4 b5
45. a3 a5 46. Kc3 Kd5 47. Kd3 b4 48. axb4 axb4 49. Kc2 Kc4 50. Kc1 h5 51.
Kc2 b3+ 52. Kb2 Kd3 53. Kxb3 Ke2 54. Kc2 Kf2 55. Kd2 Kg2 56. Ke2 Kxh2 57.
Kf2 Kh3 58. Kf1 Kxg3 59. Kg1 Kxf4 60. Kf2 g3+ 61. Kg2 h4 62. Kh3 Kf3 63.
Kxh4 g2 64. Kh3 g1=Q 65. Kh4 Qg4# {White checkmated} 0-1

[Event "ICC tourney 2067 (45 10)"]
[Site "Internet Chess Club"]
[Date "2020.10.17"]
[Round "2"]
[White "WizardY"]
[Black "ybabji"]
[Result "0-1"]
[ICCResult "White checkmated"]
[WhiteElo "1439"]
[BlackElo "1818"]
[Opening "Pirc defense"]
[ECO "B07"]
[NIC "PU.08"]
[Time "13:33:26"]
[TimeControl "2700+10"]

1. e4 d6 2. d4 Nf6 3. Nc3 e5 4. dxe5 dxe5 5. Qxd8+ Kxd8 6. Bc4 Be6 7. Bxe6
fxe6 8. Nf3 Bd6 9. Bg5 Nd7 10. Nb5 a6 11. Nxd6 cxd6 12. O-O-O Ke7 13. Rhe1
Rac8 14. Rd2 h6 15. Bh4 g5 16. Bg3 Nc5 17. h3 Nfxe4 18. Rdd1 Nxg3 19. fxg3
Rc6 20. b4 Na4 21. Rd2 Rhc8 22. h4 g4 23. Nh2 h5 24. Rf2 Rf8 25. Rxf8 Kxf8
26. Nf1 Nc3 27. Kb2 b5 28. Nd2 Na4+ 29. Kc1 Nc3 30. Kb2 Nd5 31. a3 Nf6 32.
Rf1 Ke7 33. Kb3 e4 34. Re1 d5 35. c3 Kd6 36. Nf1 Ke5 37. Ne3 d4 38. cxd4+
Kxd4 39. Nc2+ Ke5 40. Ra1 Nd5 41. Kb2 Rc3 42. Rd1 Rxg3 43. Rd2 Rd3 44. Re2
Nc3 45. Re1 Na4+ 46. Kc1 Nb6 47. Kb2 Nc4+ 48. Ka2 Rd2 49. Kb3 Rxg2 50. a4
Rg3+ 51. Ka2 bxa4 52. Ra1 Rb3 53. Rc1 Rc3 54. Kb1 a3 55. Ka2 Ne3 56. Kb1
Nxc2 57. Rxc2 Rxc2 58. Kxc2 e3 59. b5 axb5 60. Kd3 a2 61. Kxe3 a1=Q 62. Kd3
Qa3+ 63. Ke2 Qf3+ 64. Kd2 g3 65. Kc2 g2 66. Kd2 g1=Q 67. Kc2 Qgg2+ 68. Kc1
Qff1# {White checkmated} 0-1

[Event "ICC tourney 2067 (45 10)"]
[Site "Internet Chess Club"]
[Date "2020.10.17"]
[Round "2"]
[White "shanmukha123"]
[Black "raremystery"]
[Result "1-0"]
[ICCResult "Black checkmated"]
[WhiteElo "1939"]
[BlackElo "1677"]
[Opening "Queen's bishop game"]
[ECO "D02"]
[NIC "QP.08"]
[Time "13:33:27"]
[TimeControl "2700+10"]

1. d4 d5 2. Nf3 Nf6 3. Bf4 c5 4. e3 e6 5. Nbd2 Nc6 6. c3 Be7 7. Bd3 O-O 8.
Bg3 Qb6 9. Rb1 Re8 10. Ne5 cxd4 11. exd4 Bd6 12. f4 Ne7 13. Bf2 Ng6 14. Qf3
Qc7 15. O-O Nd7 16. Be3 Ndf8 17. c4 dxc4 18. Bxc4 f6 19. Nxg6 Nxg6 20. Rbc1
Qe7 21. f5 Nf8 22. Ne4 Kh8 23. Qh5 Bb8 24. Bd2 Rd8 25. Bc3 exf5 26. Nc5 b6
27. Rfe1 Qc7 28. Ne6 Nxe6 29. Bxe6 Bxe6 30. Rxe6 Qd7 31. Rce1 Be5 32. dxe5
Qxe6 33. exf6 Qc6 34. Qf7 Qxf6 35. Bxf6 gxf6 36. Qxf6+ Kg8 37. Re7 Rd1+ 38.
Kf2 Rd2+ 39. Ke1 Rd1+ 40. Kxd1 Rd8+ 41. Ke1 Rd1+ 42. Kxd1 f4 43. Qg7#
{Black checkmated}
1-0

[Event "ICC tourney 2067 (45 10)"]
[Site "Internet Chess Club"]
[Date "2020.10.17"]
[Round "2"]
[White "SunnyCountry"]
[Black "ScoutViolet"]
[Result "0-1"]
[ICCResult "White resigns"]
[WhiteElo "1350"]
[BlackElo "1643"]
[Opening "Giuoco Piano"]
[ECO "C54"]
[NIC "IG.02"]
[Time "13:33:30"]
[TimeControl "2700+10"]

1. e4 e5 2. Nf3 Nc6 3. Bc4 Bc5 4. c3 Nf6 5. d3 d6 6. a4 a5 7. O-O h6 8. Nbd2
O-O 9. h3 Qe7 10. Re1 Re8 11. Nf1 Nh5 12. Be3 Bxe3 13. Nxe3 Nf4 14. Qd2 Qf6
15. Nd5 Nxd5 16. Bxd5 Bxh3 17. Qe3 Bd7 18. d4 exd4 19. cxd4 Nb4 20. Bb3 d5
21. e5 Qe7 22. Qc3 c6 23. Rac1 Bf5 24. Rcd1 Kh8 25. Rb1 Bxb1 26. Rxb1 Rac8
27. Bd1 Red8 28. Nd2 Re8 29. Nb3 b6 30. Nc1 c5 31. f4 f6 32. Nd3 cxd4 33.
Qxd4 Nxd3 34. Qxd3 Qc5+ 35. Kh1 fxe5 36. fxe5 Rxe5 37. Bf3 Rce8 38. Qd2 Qc4
39. b3 Qh4+ 40. Kg1 Re1+ 41. Rxe1 Rxe1+ {White resigns} 0-1

[Event "ICC tourney 2067 (45 10)"]
[Site "Internet Chess Club"]
[Date "2020.10.17"]
[Round "2"]
[White "KittiesRock18"]
[Black "fascimate"]
[Result "1-0"]
[ICCResult "Black checkmated"]
[WhiteElo "1575"]
[BlackElo "1684"]
[Opening "Sicilian: Najdorf, Lipnitzky attack"]
[ECO "B86"]
[NIC "SI.13"]
[Time "13:33:45"]
[TimeControl "2700+10"]

1. e4 c5 2. Nf3 d6 3. d4 cxd4 4. Nxd4 Nf6 5. Nc3 a6 6. Bc4 e6 7. a4 Qc7 8.
Qe2 Nc6 9. Nxc6 bxc6 10. O-O Bb7 11. Be3 Be7 12. Bf4 e5 13. Bg5 h6 14. Bd2
O-O 15. f4 Bc8 16. Be3 Ng4 17. Bc1 Qb6+ 18. Kh1 exf4 19. a5 Qb7 20. Bxf4
Qxb2 21. Na4 Qb7 22. Rab1 Qc7 23. Nb6 Ra7 24. Nxc8 Qxc8 25. Rb3 Ne5 26. Bxe5
dxe5 27. Bxf7+ Kh8 28. Rbf3 Bf6 29. Bc4 Qc7 30. Rf5 Qxa5 31. g4 Rd8 32. Qe3
Qc7 33. Rxf6 gxf6 34. Qxh6+ Qh7 35. Qxf6+ Qg7 36. Qxd8+ Kh7 37. Be6 Re7 38.
Bf5+ Kh6 39. h4 c5 40. Qd2+ Qg5 41. Qxg5# {Black checkmated} 1-0

[Event "ICC tourney 2067 (45 10)"]
[Site "Internet Chess Club"]
[Date "2020.10.17"]
[Round "2"]
[White "castle2king"]
[Black "tricksterssbu"]
[Result "0-1"]
[ICCResult "White resigns"]
[WhiteElo "1548"]
[BlackElo "1708"]
[Opening "Ruy Lopez: Caro variation"]
[ECO "C70"]
[NIC "RL.09"]
[Time "13:34:19"]
[TimeControl "2700+10"]

1. e4 e5 2. Nf3 Nc6 3. Bb5 a6 4. Ba4 b5 5. Bb3 d6 6. c3 Nf6 7. O-O Na5 8.
Bc2 c5 9. h3 Be7 10. a4 Bb7 11. d3 O-O 12. Re1 Qc7 13. Nbd2 Nc6 14. Nf1 d5
15. exd5 Nxd5 16. Ng3 Rfd8 17. Bd2 h6 18. Rc1 Bf6 19. Ne4 Qe7 20. Nh2 Rac8
21. Ng4 Bh4 22. g3 f5 23. gxh4 fxg4 24. Qxg4 Nf6 25. Nxf6+ Qxf6 26. f3 Ne7
27. Rf1 Nf5 28. h5 Nh4 29. f4 c4 30. fxe5 Nf3+ 31. Rxf3 Qxf3 32. Qxf3 Bxf3
33. d4 Bxh5 34. axb5 axb5 35. b3 Bf7 36. Bf5 Rc6 37. b4 Bd5 38. Rc2 g6 39.
Bg4 h5 40. Be2 Ra8 41. Bg5 Rca6 42. Bf1 Ra2 43. Rc1 Ra1 44. Rxa1 Rxa1 45.
Bd2 Kf7 46. Kf2 Rd1 47. Ke2 Bf3+ 48. Kxf3 Rxd2 49. Ke4 Rf2 50. d5 Rxf1 51.
e6+ Ke7 52. Kd4 Kd6 53. e7 Rd1+ 54. Ke4 Re1+ {White resigns} 0-1

[Event "ICC tourney 2067 (45 10)"]
[Site "Internet Chess Club"]
[Date "2020.10.17"]
[Round "2"]
[White "saikanth"]
[Black "meghna"]
[Result "1-0"]
[ICCResult "Black resigns"]
[WhiteElo "1860"]
[BlackElo "1961"]
[Opening "Dutch, Korchnoi attack"]
[ECO "A80"]
[NIC "HD.12"]
[Time "13:33:33"]
[TimeControl "2700+10"]

1. d4 f5 2. h3 g6 3. g4 d5 4. g5 Bg7 5. Nf3 Nc6 6. Bf4 e6 7. e3 Nge7 8. Nbd2
Bd7 9. a3 Nc8 10. c4 Nd6 11. Ne5 Nxe5 12. dxe5 Nf7 13. Nf3 Bc6 14. Nd4 Nxe5
15. Nxe6 Qd7 16. cxd5 Nf3+ 17. Qxf3 Qxe6 18. dxc6 Bxb2 19. Bb5 Bc3+ 20. Kf1
Qb3 21. Qe2 O-O-O 22. Bc4 Qa4 23. cxb7+ Kb8 24. Bb5 Qb3 25. Rc1 Rd2 26. Qc4
Qxc4+ 27. Bxc4 Ba5 28. Kg2 Rhd8 29. Ba6 Bb6 30. Rhf1 R8d5 31. a4 Rd8 32. Rc6
Ra2 33. Rfc1 Rd7 34. Re6 Rd8 35. Rd1 Rf8 36. Red6 cxd6 37. Bxd6+ Bc7 38.
Bxf8 Rxa4 39. Bb5 Ra5 40. Bc6 Ra6 41. Bf3 Rb6 42. Rd7 a5 43. Re7 Bd8 44. Re8
Kc7 45. Be7 Bxe7 46. Rxe7+ Kd8 47. Rxh7 a4 48. Rh8+ Kc7 49. Rc8+ Kd7 50.
b8=Q Rxb8 51. Rxb8 {Black resigns} 1-0

[Event "ICC tourney 2067 (45 10)"]
[Site "Internet Chess Club"]
[Date "2020.10.17"]
[Round "2"]
[White "Joshua1"]
[Black "Niteshc"]
[Result "1-0"]
[ICCResult "Black checkmated"]
[WhiteElo "1853"]
[BlackElo "1639"]
[Opening "King's Indian: 4.e4"]
[ECO "E70"]
[NIC "KI.52"]
[Time "13:33:29"]
[TimeControl "2700+10"]

1. d4 Nf6 2. c4 g6 3. Nc3 Bg7 4. e4 O-O 5. Nge2 d6 6. f3 Nbd7 7. Be3 e5 8.
d5 Ne8 9. Ng3 Nb6 10. Bd3 c6 11. Qd2 cxd5 12. cxd5 f5 13. exf5 Bxf5 14. O-O
Bxd3 15. Qxd3 Rc8 16. Nge4 Nc4 17. Bg5 Qb6+ 18. Rf2 Nxb2 19. Qb5 Nc4 20.
Qxb6 Nxb6 21. Nb5 Nxd5 22. Rd2 Nb6 23. Nbxd6 Nxd6 24. Nxd6 Rc6 25. Rad1 Nc4
26. Nxc4 Rxc4 27. Rd7 Rc2 28. Rxb7 e4 29. Rdd7 Be5 30. Bh6 Rfc8 31. fxe4 Bc7
32. Kf1 Be5 33. Rxa7 R2c4 34. a4 Rxe4 35. a5 Bd4 36. Rab7 Rce8 37. g3 Re1+
38. Kg2 R1e2+ 39. Kh3 Bc3 40. a6 Ra2 41. a7 Be5 42. Rxh7 Rb2 43. Rhe7 Ra8
44. Rxb2 Bxb2 45. Rb7 Be5 46. Bf4 Bxf4 47. gxf4 Kf8 48. Kg4 Ke8 49. Kg5 Kd8
50. Rh7 Kc8 51. Rh8+ Kb7 52. Rxa8 Kxa8 53. Kxg6 Kxa7 54. f5 Kb7 55. f6 Kc6
56. f7 Kd7 57. f8=Q Ke6 58. Qf6+ Kd5 59. Kf5 Kc4 60. h4 Kd3 61. h5 Kc4 62.
h6 Kd5 63. h7 Kc5 64. h8=Q Kc4 65. Qd4+ Kb3 66. Qb8+ Ka2 67. Qda7#
{Black checkmated}
1-0

[Event "ICC tourney 2067 (45 10)"]
[Site "Internet Chess Club"]
[Date "2020.10.17"]
[Round "2"]
[White "awakeflood"]
[Black "chessboy2020"]
[Result "1/2-1/2"]
[ICCResult "Game drawn by mutual agreement"]
[WhiteElo "1771"]
[BlackElo "1635"]
[Opening "two knights defense: Bogolyubov variation"]
[ECO "C58"]
[NIC "KP.01"]
[Time "13:33:46"]
[TimeControl "2700+10"]

1. e4 e5 2. Nf3 Nc6 3. Bc4 Nf6 4. Ng5 d5 5. exd5 Na5 6. Bb5+ c6 7. dxc6 bxc6
8. Qf3 Be7 9. Bxc6+ Nxc6 10. Qxc6+ Bd7 11. Qf3 O-O 12. O-O Rc8 13. Nc3 Ng4
14. h3 Nh6 15. Nge4 f5 16. Ng3 e4 17. Qh5 Be8 18. Qd1 Bc5 19. d3 exd3 20.
Bxh6 gxh6 21. Qxd3 Qf6 22. Rfe1 Qh4 23. Re2 Kh8 24. Nxf5 Qf4 25. Ne3 Bh5 26.
g4 Bg6 27. Qd5 Bd4 28. Nb5 Bxb2 29. Rb1 Be4 30. Ng2 Bxd5 31. Nxf4 Rxf4 32.
Rxb2 Rb8 33. Re5 Bc4 34. Rb1 a6 35. Na3 Rxb1+ 36. Nxb1 Bxa2 37. Nc3 Bc4 38.
Re4 Rxe4 39. Nxe4 a5 40. Nd2 Bb5 41. Nb1 a4 42. Na3 Bc6 43. f4 Kg7 44. Kf2
Kg6 45. Nc4 Kf6 46. Ke3 Bd7 47. Kd4 h5 48. Nb6 Bb5 49. Kc5 a3 50. Nd5+ Kg6
51. Nb4 Bd7 52. f5+ Kg5 53. Kd6 hxg4 54. hxg4 Bb5 55. Ke7
{Game drawn by mutual agreement}
1/2-1/2

[Event "ICC tourney 2067 (45 10)"]
[Site "Internet Chess Club"]
[Date "2020.10.17"]
[Round "2"]
[White "wangfang75"]
[Black "aarm2008"]
[Result "1-0"]
[ICCResult "Black checkmated"]
[WhiteElo "1844"]
[BlackElo "1610"]
[Opening "Caro-Kann: Panov-Botvinnik attack"]
[ECO "B13"]
[NIC "CK.03"]
[Time "13:33:24"]
[TimeControl "2700+10"]

1. e4 c6 2. d4 d5 3. exd5 cxd5 4. c4 Nf6 5. Nc3 Nc6 6. Be3 Bf5 7. c5 e5 8.
dxe5 Nxe5 9. Bb5+ Bd7 10. Bxd7+ Qxd7 11. Bd4 Qe6 12. Nge2 a6 13. O-O O-O-O
14. Re1 Ned7 15. Rc1 Qc6 16. b4 Kb8 17. a4 Qc7 18. c6 bxc6 19. b5 c5 20.
bxa6 Qa5 21. Rb1+ Ka8 22. Rb5 Qxa6 23. Nf4 cxd4 24. Ncxd5 Bd6 25. Qf3 Ka7
26. Qd3 Bc5 27. Nc7 Qd6 28. Ra5+ Kb7 29. Rc1 Ra8 30. Nxa8 Rxa8 31. Qf3+ Nd5
32. Rxa8 Kxa8 33. Nxd5 Ne5 34. Qb3 Ng4 35. Nf4 d3 36. Rb1 Bxf2+ 37. Kh1 Qc7
38. h3 g5 39. Qxd3 gxf4 40. hxg4 Ka7 41. Qxh7 Bg3 42. Qe4 f6 43. Qd4+ Ka8
44. Qe4+ Ka7 45. Rd1 Qc8 46. Qe7+ Ka6 47. Qxf6+ Ka7 48. Qe7+ Ka6 49. Rd6+
Ka5 50. Qd8+ Qxd8 51. Rxd8 Kxa4 52. g5 Bh4 53. g6 Bxd8 54. g7 f3 55. gxf3
Ba5 56. g8=Q Bb4 57. f4 Ka3 58. Qc4 Ka4 59. f5 Ka5 60. f6 Ka4 61. f7 Ka5 62.
Kg2 Bf8 63. Qd5+ Ka6 64. Qc6+ Ka7 65. Qc7+ Ka6 66. Qc8+ Ka5 67. Qxf8 Ka6 68.
Qb8 Ka5 69. f8=Q Ka4 70. Qfb4# {Black checkmated} 1-0